PCL
FRESNO GRIZZLIES @ RENO ACES
06/29/2098
 
TOP OF THE 1ST
Fresno Grizzlies batting - Pitching for Reno Aces : RHP Jim Unknown
Pitching: RHP Jim Unknown
Batting: RHB Bret Payne 0-0: Fly out, F8 (Flyball, 8RD, EV 96.3 MPH)
Batting: RHB Del Bannerman 0-0: Ground out 4-3 (Groundball, 4, EV 103.1 MPH)
Batting: SHB Aaron Bussell 0-0: Called Strike
0-1: Reached on error, E6 (Groundball, 6, EV 90.6 MPH)
Batting: RHB Justin Haug 0-0: Ball
1-0: Fly out, F8 (Flyball, 89S, EV 90.0 MPH)
Top of the 1st over - 0 runs, 0 hits, 1 error, 1 left on base; Fresno 0 - Reno 0
BOTTOM OF THE 1ST
Reno Aces batting - Pitching for Fresno Grizzlies : RHP Sam Zick
Pitching: RHP Sam Zick
Batting: RHB Pat Mancini 0-0: Ball
1-0: Foul Ball, location: 2F
1-1: Swinging Strike
1-2: Ground out 3-1 (Groundball, 34, EV 106.9 MPH)
Batting: RHB Josh Leazer 0-0: Called Strike
0-1: Called Strike
0-2: Foul Ball, location: 2F
0-2: Ball
1-2: Foul Ball, location: 7LSFF
1-2: Foul Ball, location: 23FF
1-2: Ball
2-2: Strikes out looking
Batting: RHB Jason Moberg 0-0: Swinging Strike
0-1: Ball
1-1: Foul Ball, location: 2F
1-2: Ground out 5-3 (Groundball, 56, EV 85.0 MPH)
Bottom of the 1st over - 0 runs, 0 hits, 0 errors, 0 left on base; Fresno 0 - Reno 0
TOP OF THE 2ND
Fresno Grizzlies batting - Pitching for Reno Aces : RHP Jim Unknown
Batting: RHB Aaron McNelley 0-0: Ball
1-0: Swinging Strike
1-1: Foul Ball, location: 2F
1-2: Foul Ball, location: 9LMFF
1-2: Fly out, F7 (Line Drive, 7, EV 91.9 MPH)
Batting: RHB Tony Tenesaca 0-0: Fly out, F4 (Popup, 4M, EV 57.5 MPH)
Batting: RHB Dan Shannon 0-0: Fly out, F3 (Popup, 3F, EV 57.5 MPH)
Top of the 2nd over - 0 runs, 0 hits, 0 errors, 0 left on base; Fresno 0 - Reno 0
BOTTOM OF THE 2ND
Reno Aces batting - Pitching for Fresno Grizzlies : RHP Sam Zick
Batting: LHB Eric Hamilton 0-0: Called Strike
0-1: Swinging Strike
0-2: Ball
1-2: Fly out, F8 (Flyball, 8LD, EV 93.1 MPH)
Batting: RHB Melvin Ramos 0-0: SINGLE (Line Drive, 6MD, EV 97.5 MPH)
Batting: LHB Eric Lawrence 0-0: Ball
1-0: Ball
2-0: Ball
3-0: Base on Balls
Melvin Ramos to second
Batting: RHB Eric Adams 0-0: Called Strike
0-1: Ball
1-1: Ball
2-1: SINGLE (Groundball, 6MD, EV 100.0 MPH)
Melvin Ramos to third
Eric Lawrence to second
Runner from 3rd tries for Home, SAFE, throw by CF to home
Batting: RHB Bob Small 0-0: Called Strike
0-1: Called Strike
0-2: Ball
1-2: Strikes out swinging
Batting: RHB Tim Fender 0-0: Ball
1-0: Ball
2-0: Swinging Strike
2-1: Foul Ball, location: 3SF
2-2: Fly out, F4 (Popup, 4S, EV 80.0 MPH)
Bottom of the 2nd over - 1 run, 2 hits, 0 errors, 2 left on base; Fresno 0 - Reno 1
TOP OF THE 3RD
Fresno Grizzlies batting - Pitching for Reno Aces : RHP Jim Unknown
Batting: RHB Chase Bavaro 0-0: Called Strike
0-1: Reached via error on a dropped throw from 1B, E1 (Groundball, 34, EV 78.8 MPH)
Batting: RHB Bobby Mattox 0-0: Fly out, F9 (Flyball, 9, EV 94.4 MPH)
Batting: RHB Bret Payne 0-0: Called Strike
0-1: Ball
1-1: Fielders Choice at 2nd, 5-4 (Groundball, 5L, EV 106.9 MPH)
Batting: RHB Del Bannerman 0-0: Ball
1-0: Ball
2-0: Hit by Pitch
Bret Payne to second
Batting: SHB Aaron Bussell 0-0: Called Strike
0-1: Called Strike
0-2: SINGLE (Line Drive, 4D, EV 96.3 MPH)
Bret Payne to third
Del Bannerman to second
Runner from 3rd tries for Home, SAFE, throw by RF to home
Batting: RHB Justin Haug 0-0: Ball
1-0: Ball
2-0: Fly out, F9 (Flyball, 9, EV 91.9 MPH)
Top of the 3rd over - 1 run, 1 hit, 1 error, 2 left on base; Fresno 1 - Reno 1
BOTTOM OF THE 3RD
Reno Aces batting - Pitching for Fresno Grizzlies : RHP Sam Zick
Batting: RHB Pat Mancini 0-0: Called Strike
0-1: Called Strike
0-2: Strikes out swinging
Batting: RHB Josh Leazer 0-0: Ball
1-0: Fly out, F8 (Flyball, 8LD, EV 91.3 MPH)
Batting: RHB Jason Moberg 0-0: Ball
1-0: Called Strike
1-1: Ball
2-1: Foul Ball, location: 5F
2-2: Fly out, F8 (Flyball, 8RD, EV 100.6 MPH)
Bottom of the 3rd over - 0 runs, 0 hits, 0 errors, 0 left on base; Fresno 1 - Reno 1
TOP OF THE 4TH
Fresno Grizzlies batting - Pitching for Reno Aces : RHP Jim Unknown
Batting: RHB Aaron McNelley 0-0: Ball
1-0: Foul Ball, location: 2F
1-1: Ground out 4-3 (Groundball, 4, EV 82.5 MPH)
Batting: RHB Tony Tenesaca 0-0: Called Strike
0-1: Ball
1-1: Foul Ball, location: 25F
1-2: Foul Ball, location: 9LMF
1-2: Ball
2-2: Ball
3-2: Base on Balls
Batting: RHB Dan Shannon 0-0: Fly out, F7 (Flyball, 7D, EV 90.0 MPH)
Batting: RHB Chase Bavaro 0-0: Ball
1-0: Swinging Strike
1-1: Called Strike
1-2: Ball
2-2: SINGLE (Groundball, 3D, EV 106.9 MPH)
Tony Tenesaca to second
Runner from 2nd tries for 3rd, SAFE, no throw by RF
Batting: RHB Bobby Mattox 0-0: Called Strike
0-1: Ball
1-1: Fly out, F9 (Flyball, 89D, EV 95.6 MPH)
Top of the 4th over - 0 runs, 1 hit, 0 errors, 2 left on base; Fresno 1 - Reno 1
BOTTOM OF THE 4TH
Reno Aces batting - Pitching for Fresno Grizzlies : RHP Sam Zick
Batting: LHB Eric Hamilton 0-0: Ball
1-0: Foul Ball, location: 2F
1-1: Ball
2-1: Swinging Strike
2-2: Ball
3-2: Foul Ball, location: 2F
3-2: Foul Ball, location: 3F
3-2: Foul Ball, location: 7LSF
3-2: SINGLE (Groundball, 34D, EV 97.5 MPH)
Batting: RHB Melvin Ramos 0-0: Fly out, F8 (Flyball, 89M, EV 101.3 MPH)
Batting: LHB Eric Lawrence 0-0: Ball
1-0: Foul Ball, location: 25F
1-1: Ball
2-1: Foul Ball, location: 2F
2-2: Foul Ball, location: 7LMF
2-2: Foul Ball, location: 2F
2-2: Ball
3-2: Fly out, F7 (Flyball, 78S, EV 86.9 MPH)
Batting: RHB Eric Adams 0-0: Foul Ball, location: 2F
0-1: Swinging Strike
0-2: Ball
1-2: Strikes out swinging
Bottom of the 4th over - 0 runs, 1 hit, 0 errors, 1 left on base; Fresno 1 - Reno 1
TOP OF THE 5TH
Fresno Grizzlies batting - Pitching for Reno Aces : RHP Jim Unknown
Batting: RHB Bret Payne 0-0: Ball
1-0: Ball
2-0: Called Strike
2-1: Ground out 5-3 (Groundball, 56S, EV 69.4 MPH)
Batting: RHB Del Bannerman 0-0: Swinging Strike
0-1: Ball
1-1: Foul Ball, location: 2F
1-2: Ball
2-2: DOUBLE (Flyball, 8RD, EV 92.5 MPH)
Batting: SHB Aaron Bussell 0-0: Called Strike
0-1: Swinging Strike
0-2: Ball
1-2: Foul Ball, location: 2LF
1-2: Ball
2-2: SINGLE (Groundball, 6M, EV 86.9 MPH) (infield hit)
Del Bannerman to third
Batting: RHB Justin Haug 0-0: Called Strike
0-1: Foul Ball, location: 2RF
0-2: Ball
1-2: Fielders Choice attempt at home, Runner SAFE. 6-2 (Groundball, 6, EV 88.8 MPH)
Aaron Bussell to second
Batting: RHB Aaron McNelley 0-0: Called Strike
0-1: Swinging Strike
0-2: Strikes out swinging
Batting: RHB Tony Tenesaca 0-0: Ball
1-0: Ball
2-0: Ball
3-0: Called Strike
3-1: Foul Ball, location: 2F
3-2: SINGLE (Line Drive, 56D, EV 98.1 MPH)
Aaron Bussell to third
Justin Haug to second
Aaron Bussell scores
Justin Haug to third
Batting: RHB Dan Shannon 0-0: Foul Ball, location: 25F
0-1: Called Strike
0-2: Ball
1-2: Ball
2-2: Fly out, F8 (Flyball, 8RD, EV 106.9 MPH)
Top of the 5th over - 2 runs, 3 hits, 0 errors, 2 left on base; Fresno 3 - Reno 1
BOTTOM OF THE 5TH
Reno Aces batting - Pitching for Fresno Grizzlies : RHP Sam Zick
Batting: RHB Bob Small 0-0: Ball
1-0: Foul Ball, location: 23F
1-1: Ball
2-1: Called Strike
2-2: DOUBLE (Groundball, 5L, EV 101.9 MPH)
Batting: RHB Tim Fender 0-0: Ball
1-0: Foul Ball, location: 2F
1-1: Ball
2-1: Foul Ball, location: 3F
2-2: Foul Ball, location: 9LMF
2-2: DOUBLE (Flyball, 9LD, EV 111.3 MPH)
Bob Small scores
Batting: RHB Pat Mancini 0-0: Ball
1-0: Foul Ball, location: 5F
1-1: Ball
2-1: Foul Ball, location: 9LSF
2-2: Ball
3-2: Base on Balls
Batting: RHB Josh Leazer 0-0: Ball
1-0: Ball
2-0: Ball
Passed Ball!
Tim Fender to third
Pat Mancini to second
3-0: Called Strike
3-1: Base on Balls
Batting: RHB Jason Moberg 0-0: Ball
1-0: SINGLE (Groundball, 23, EV 67.5 MPH) (infield hit)
Tim Fender scores
Pat Mancini to third
Josh Leazer to second
Batting: LHB Eric Hamilton 0-0: Ball
1-0: Called Strike
1-1: Ball
2-1: Foul Ball, location: 5SF
2-2: Foul Ball, location: 2F
2-2: Strikes out swinging
Batting: RHB Melvin Ramos 0-0: Fly out, F7 (Flyball, 7, EV 86.9 MPH)
Runner from 3rd tags up, SCORES, no throw by LF
Batting: LHB Eric Lawrence 0-0: Called Strike
0-1: Foul Ball, location: 3F
0-2: Fly out, F8 (Flyball, 78S, EV 83.8 MPH)
Bottom of the 5th over - 3 runs, 3 hits, 0 errors, 2 left on base; Fresno 3 - Reno 4
TOP OF THE 6TH
Fresno Grizzlies batting - Pitching for Reno Aces : RHP Jim Unknown
Batting: RHB Chase Bavaro 0-0: Ball
1-0: Ground out U3 (Groundball, 3S, EV 88.1 MPH)
Batting: RHB Bobby Mattox 0-0: Fly out, F8 (Flyball, 8LM, EV 78.8 MPH)
Batting: RHB Bret Payne 0-0: Ball
1-0: Foul Ball, location: 9LDF
1-1: Ground out 4-3 (Groundball, 4, EV 109.4 MPH)
Top of the 6th over - 0 runs, 0 hits, 0 errors, 0 left on base; Fresno 3 - Reno 4
BOTTOM OF THE 6TH
Reno Aces batting - Pitching for Fresno Grizzlies : RHP Sam Zick
Batting: RHB Eric Adams 0-0: Ground out 5-3 (Groundball, 5L, EV 89.4 MPH)
Batting: RHB Bob Small 0-0: Called Strike
0-1: Foul Ball, location: 25FF
0-2: Strikes out swinging
Batting: RHB Tim Fender 0-0: Ball
1-0: Foul Ball, location: 3SF
1-1: Foul Ball, location: 9LMF
1-2: Fly out, F9 (Flyball, 89D, EV 85.0 MPH)
Bottom of the 6th over - 0 runs, 0 hits, 0 errors, 0 left on base; Fresno 3 - Reno 4
TOP OF THE 7TH
Fresno Grizzlies batting - Pitching for Reno Aces : RHP Jim Unknown
Batting: RHB Del Bannerman 0-0: Called Strike
0-1: Fly out, F9 (Line Drive, 89M, EV 96.3 MPH)
Batting: SHB Aaron Bussell 0-0: Swinging Strike
0-1: Called Strike
0-2: Ball
1-2: Foul Ball, location: 25FF
1-2: Foul Ball, location: 5F
1-2: Ground out 1-3 (Groundball, 34S, EV 66.9 MPH)
Batting: RHB Justin Haug 0-0: Called Strike
0-1: Ball
1-1: Ball
2-1: Ball
3-1: DOUBLE (Line Drive, 7LS, EV 95.0 MPH)
Batting: RHB Aaron McNelley 0-0: Ground out 5-3 (Groundball, 56, EV 102.5 MPH)
Top of the 7th over - 0 runs, 1 hit, 0 errors, 1 left on base; Fresno 3 - Reno 4
BOTTOM OF THE 7TH
Reno Aces batting - Pitching for Fresno Grizzlies : RHP Sam Zick
Pitching: LHP Wiley Hill
Batting: RHB Pat Mancini 0-0: Ball
1-0: Foul Ball, location: 9LMF
1-1: Swinging Strike
1-2: Fly out, F4 (Popup, 4M, EV 53.1 MPH)
Batting: RHB Josh Leazer 0-0: SINGLE (Groundball, 6MD, EV 94.4 MPH)
Batting: RHB Jason Moberg 0-0: Ball
1-0: Called Strike
1-1: Grounds into double play, 5-4-3 (Groundball, 56, EV 83.8 MPH)
Bottom of the 7th over - 0 runs, 1 hit, 0 errors, 0 left on base; Fresno 3 - Reno 4
TOP OF THE 8TH
Fresno Grizzlies batting - Pitching for Reno Aces : RHP Jim Unknown
Batting: RHB Tony Tenesaca 0-0: Called Strike
0-1: Ball
1-1: Ball
2-1: Ball
3-1: Called Strike
3-2: Ground out 5-3 (Groundball, 5, EV 90.6 MPH)
Pinch Hitting: LHB Dan Brockman 0-0: Ball
1-0: Fly out, F8 (Flyball, 8LD, EV 87.5 MPH)
Pinch Hitting: LHB Tim Kramer 0-0: Foul Ball, location: 2LF
0-1: Ball
1-1: SINGLE (Groundball, 34D, EV 106.9 MPH)
Pitching: RHP Jim Unknown
Pinch Hitting: LHB Mike Palmer 0-0: Ball
1-0: Swinging Strike
1-1: Ball
2-1: Foul Ball, location: 2F
2-2: Foul Ball, location: 3DF
2-2: Ball
3-2: SINGLE (Groundball, 3D, EV 103.1 MPH)
Tim Kramer to second
Tim Kramer to third
Batting: RHB Bret Payne 0-0: Ball
1-0: Ball
2-0: Ball
3-0: Called Strike
3-1: Base on Balls
Mike Palmer to second
Batting: RHB Del Bannerman 0-0: Ball
1-0: Called Strike
1-1: Ball
2-1: SINGLE (Line Drive, 9S, EV 109.4 MPH)
Tim Kramer scores
Mike Palmer to third
Bret Payne to second
Batting: SHB Aaron Bussell 0-0: Ball
1-0: Called Strike
1-1: Fly out, F8 (Flyball, 8RXD, EV 95.0 MPH)
Top of the 8th over - 1 run, 3 hits, 0 errors, 3 left on base; Fresno 4 - Reno 4
BOTTOM OF THE 8TH
Reno Aces batting - Pitching for Fresno Grizzlies : LHP Wiley Hill
Now at C: Mike Palmer
Now at 3B: Steve Bracken
Now in RF: Dan Brockman
Batting: LHB Eric Hamilton 0-0: Ball
1-0: Ball
2-0: Foul Ball, location: 7LSF
2-1: Ball
3-1: Base on Balls
Batting: RHB Melvin Ramos 0-0: Ball
1-0: Ball
2-0: Called Strike
2-1: Foul Ball, location: 3F
2-2: Ball
3-2: Strikes out swinging
Batting: LHB Eric Lawrence 0-0: Ball
1-0: Swinging Strike
1-1: Ball
2-1: Foul Ball, location: 5F
2-2: Strikes out swinging
Batting: RHB Eric Adams 0-0: Ball
1-0: Ball
2-0: Called Strike
2-1: Ball
3-1: Called Strike
3-2: Base on Balls
Eric Hamilton to second
Batting: RHB Bob Small 0-0: Foul Ball, location: 9LDF
0-1: Foul Ball, location: 2F
0-2: Ground out 4-3 (Groundball, 34, EV 98.8 MPH)
Bottom of the 8th over - 0 runs, 0 hits, 0 errors, 2 left on base; Fresno 4 - Reno 4
TOP OF THE 9TH
Fresno Grizzlies batting - Pitching for Reno Aces : RHP Jim Unknown
Batting: RHB Justin Haug 0-0: Ball
1-0: Called Strike
1-1: Ball
2-1: Foul Ball, location: 2F
2-2: Ball
3-2: Foul Ball, location: 2F
3-2: Base on Balls
Batting: RHB Aaron McNelley 0-0: Called Strike
0-1: Called Strike
0-2: Ball
1-2: Foul Ball, location: 2RF
1-2: Ball
2-2: Fly out, F9 (Flyball, 9D, EV 105.6 MPH)
Batting: RHB Tony Tenesaca 0-0: Ball
1-0: Swinging Strike
1-1: Called Strike
1-2: Strikes out swinging
Batting: LHB Dan Brockman 0-0: Ball
1-0: Ball
2-0: Ball
3-0: Base on Balls
Justin Haug to second
Pinch Runner at 2nd Evan Duncan:
Batting: RHB Steve Bracken 0-0: Foul Ball, location: 9LSF
0-1: Called Strike
0-2: Foul Ball, location: 3F
0-2: Ball
1-2: Ball
2-2: Foul Ball, location: 23F
2-2: Ball
3-2: Fly out, F3 (Popup, 3SF, EV 63.1 MPH)
Top of the 9th over - 0 runs, 0 hits, 0 errors, 2 left on base; Fresno 4 - Reno 4
BOTTOM OF THE 9TH
Reno Aces batting - Pitching for Fresno Grizzlies : LHP Wiley Hill
Batting: RHB Tim Fender 0-0: Ball
1-0: Foul Ball, location: 2F
1-1: Called Strike
1-2: Ball
2-2: Ball
3-2: SINGLE (Groundball, 34D, EV 100.6 MPH)
Batting: RHB Pat Mancini 0-0: Ball
1-0: Bunted foul
1-1: Sac Bunt to 15S - play at first, batter safe!
Tim Fender to second
Batting: RHB Josh Leazer 0-0: Ball
1-0: Bunted foul
1-1: Ball
2-1: Sac Bunt to P - play at first, batter OUT! 1-4
Tim Fender to third
Pat Mancini to second
Batting: RHB Jason Moberg 0-0: Intentional Walk
Pitching: LHP Rutger Michelle
Batting: LHB Eric Hamilton 0-0: Foul Ball, location: 2F
0-1: Ball
1-1: Ball
2-1: Swinging Strike
2-2: Ball
3-2: Strikes out swinging
Batting: RHB Melvin Ramos 0-0: Ground out 4-3 (Groundball, 34, EV 96.9 MPH)
Bottom of the 9th over - 0 runs, 2 hits, 0 errors, 3 left on base; Fresno 4 - Reno 4
TOP OF THE 10TH
Fresno Grizzlies batting - Pitching for Reno Aces : RHP Jim Unknown
Steve Bracken starts the inning at 2nd base.
Pitching: RHP Jim Unknown
Batting: LHB Mike Palmer 0-0: Ball
1-0: Called Strike
1-1: Ball
2-1: Foul Ball, location: 5FF
2-2: Ground out 4-3 (Groundball, 4MD, EV 85.6 MPH)
Batting: RHB Bret Payne 0-0: Ground out 6-3 (Groundball, 6, EV 108.1 MPH)
Batting: RHB Del Bannerman 0-0: Ball
1-0: Ball
2-0: Called Strike
2-1: Ball
3-1: Ground out 6-3 (Groundball, 6, EV 82.5 MPH)
Top of the 10th over - 0 runs, 0 hits, 0 errors, 1 left on base; Fresno 4 - Reno 4
BOTTOM OF THE 10TH
Reno Aces batting - Pitching for Fresno Grizzlies : LHP Rutger Michelle
Melvin Ramos starts the inning at 2nd base.
Batting: LHB Eric Lawrence 0-0: DOUBLE (Line Drive, 5D, EV 63.8 MPH)
Melvin Ramos scores
Bottom of the 10th over - 1 run, 1 hit, 0 errors, 1 left on base; Fresno 4 - Reno 5
Monday, April 8th , 2024 - OOTP Baseball 24.11 Build 85